 Dungeon Crawl Stone Soup version 0.25.1-8-g42b30a86e7 (webtiles) character file.

Game seed: 15961235010225038752

1556 Clowwww the Chopper (level 8, -13/61 HPs)
             Began as a Demonspawn Fighter on Dec 26, 2020.
             Was an Initiate of Trog.
             Mangled by an orc warrior
             ... wielding a +1 hand axe of electrocution
              (17 damage)
             ... on level 6 of the Dungeon.
             The game lasted 00:10:05 (5470 turns).

Clowwww the Chopper (Demonspawn Fighter)            Turns: 5470, Time: 00:10:06

Health: -13/61     AC: 12    Str: 19    XL:     8   Next: 58%
Magic:  8/8        EV:  6    Int:  9    God:    Trog [......]
Gold:   320        SH: 16    Dex: 13    Spells: 7/7 levels left

rFire    . . .     SeeInvis .   a - +0 war axe
rCold    + . .     Gourm    .   u - +2 tower shield
rNeg     . . .     Faith    .   b - +0 scale mail
rPois    .         Spirit   .   (helmet restricted)
rElec    .         Reflect  .   s - +2 cloak
rCorr    .         Harm     .   (no gloves)
MR       .....                  (no boots)
Stlth    ..........             (no amulet)
HPRegen  0.20/turn              (no ring)
MPRegen  0.11/turn              (no ring)

@: no status effects
A: horns 1, slimy green scales 1, cold resistance 1, spiny 1
a: Renounce Religion


You were on level 6 of the Dungeon.
You worshipped Trog.
Trog was noncommittal.
You were not hungry.

You visited 2 branches of the dungeon, and saw 7 of its levels.

You collected 320 gold pieces.

Inventory:

Hand Weapons
 a - a +0 war axe (weapon)
Armour
 b - a +0 scale mail (worn)
 s - a +2 cloak (worn)
 u - a +2 tower shield (worn)
Jewellery
 c - a cursed ring of attention {unknown}
 k - a +6 ring of dexterity {unknown}
 v - an uncursed ring of flight
Scrolls
 e - a scroll of amnesia
 i - a scroll of identify
 j - 4 scrolls of teleportation
 n - 2 scrolls of remove curse
Potions
 d - 2 potions of flight {unknown}
 g - 4 potions of heal wounds
 h - a potion of magic
 m - a potion of resistance
 o - a potion of brilliance
 p - a potion of mutation
 t - 3 potions of curing {unknown}
 w - a potion of lignification {unknown}
Comestibles
 f - 15 rations


   Skills:
 + Level 4.5 Fighting
 + Level 6.6 Axes
 + Level 5.4 Armour
 + Level 2.3 Dodging
 + Level 0.2 Stealth
 + Level 4.8 Shields


You had 7 spell levels left.
You didn't know any spells.
Your spell library contained the following spells:

 Spells                   Type           Power        Failure   Level  Hunger
 Inner Flame              Hex/Fire       #.......     100%        3    ####...
 Portal Projectile        Hex/Tloc       #.....       100%        3    ####...
 Teleport Other           Tloc           #.......     100%        3    ####...
 Dispersal                Tloc           #.........   100%        6    #######


Dungeon Overview and Level Annotations

Branches:
Dungeon (6/15)             Temple (1/1) D:5

Altars:
Cheibriados
Dithmenos
Fedhas
Gozag
Hepliaklqana
Kikubaaqudgha
Makhleb
Nemelex Xobeh
Okawaru
Qazlal
Sif Muna
Trog
Uskayaw
Vehumet
Xom
Yredelemnul
Zin


Innate Abilities, Weirdness & Mutations

You have a pair of small horns on your head.
You are partially covered in slimy green scales. (AC +2)
Your flesh is cold resistant. (rC+)
You are partially covered in sharp spines.


Message History

You feel a bit more experienced.
You hit the orc warrior.
The orc hits you from afar with a +0 trident.
* * * LOW HITPOINT WARNING * * *
You block the orc warrior's attack. The orc hits you but does no damage.
You block the orc warrior's attack. You block the orc's attack.
Things that are here:
a +0 dagger; a +0 robe You slash the orc!
You kill the orc!
Trog accepts your kill.
You hit the orc warrior but do no damage.
The orc warrior is struck by your spines.
The orc warrior hits you with a +1 hand axe of electrocution.
* * * LOW HITPOINT WARNING * * *
You closely miss the orc warrior.
The orc warrior is severely wounded.
The orc warrior hits you with a +1 hand axe of electrocution!
* * * LOW HITPOINT WARNING * * *
You are electrocuted!
You die...

#.# .. #.# #.# #.# ..
#.# ###### #.# #.#
.....# #.. #.####
.....# #.#######....#
.....#
#..........#.##.....#
##....[....#o@).....#
#.........###.##+###
#..#####.## #.#
##.#.# #.# #.# #.#.#
#.# ..# #...###.# ###
##....#.# #.. #..###
##.# #######..# ...


You could see an orc warrior.

Vanquished Creatures
  A cyclops (D:6)
  Duvessa (D:5)
  An orc warrior (D:6)
  3 centaurs
  2 bullfrogs (D:5)
  A scorpion (D:4)
  Dowan (D:5)
  A howler monkey (D:5)
  2 crimson imps (D:5)
  A jelly (D:5)
  7 orc priests
  3 hounds
  6 orc wizards
  A centaur skeleton (D:5)
  An iguana (D:4)
  5 worker ants
  5 gnolls
  10 adders
  An ooze (D:2)
  2 dart slugs
  3 worms
  2 leopard geckos (D:2)
  31 orcs
  6 giant cockroaches
  5 goblins
  7 hobgoblins
  2 jackals (D:2)
  2 quokkas (D:3)
  7 bats
  6 frilled lizards
  A jackal zombie (D:6)
  5 kobolds
  A leopard gecko skeleton (D:3)
  8 rats
141 creatures vanquished.

Notes
Turn   | Place    | Note
-------+----------+-------------------------------------------
     0 | D:1      | Clowwww the Demonspawn Fighter began the quest for the Orb.
     0 | D:1      | Reached XP level 1. HP: 18/18 MP: 1/1
   239 | D:1      | Reached skill level 2 in Axes
   239 | D:1      | Gained mutation: Your flesh is cold resistant. (rC+)
                  | [demonic ancestry]
   239 | D:1      | Reached XP level 2. HP: 9/24 MP: 2/2
   708 | D:1      | Reached XP level 3. HP: 29/29 MP: 3/3
  1568 | D:2      | Found a glowing silver altar of Zin.
  1682 | D:2      | Gained mutation: You are partially covered in slimy green
                  | scales. (AC +2) [demonic ancestry]
  1682 | D:2      | Reached XP level 4. HP: 32/35 MP: 4/4
  1785 | D:2      | Reached skill level 3 in Axes
  2162 | D:3      | Found a blossoming altar of Fedhas.
  2442 | D:3      | Gained mutation: You are partially covered in sharp spines.
                  | [demonic ancestry]
  2442 | D:3      | Reached XP level 5. HP: 22/42 MP: 5/5
  3093 | D:4      | Found a burning altar of Makhleb.
  3103 | D:4      | Gained mutation: You have a pair of small horns on your
                  | head. [demonic ancestry]
  3103 | D:4      | Reached XP level 6. HP: 38/48 MP: 6/6
  3116 | D:4      | Reached skill level 4 in Axes
  3265 | D:4      | Identified the Handbook of Flames and Orientation
  3448 | D:4      | Reached skill level 1 in Dodging
  3598 | D:4      | Reached XP level 7. HP: 53/53 MP: 7/7
  3711 | D:4      | Found an opulent altar of Gozag.
  3750 | D:4      | Found a snail-covered altar of Cheibriados.
  3756 | D:4      | Reached skill level 5 in Axes
  4102 | D:5      | Entered Level 5 of the Dungeon
  4172 | D:5      | Found a staircase to the Ecumenical Temple.
  4207 | Temple   | Entered the Ecumenical Temple
  4275 | Temple   | Became a worshipper of Warmaster Okawaru
  4315 | D:5      | Noticed Duvessa
  4321 | D:5      | Noticed Dowan
  4329 | D:5      | Reached skill level 5 in Armour
  4336 | D:5      | Killed Dowan
  4337 | D:5      | Killed Duvessa
  4337 | D:5      | Reached XP level 8. HP: 17/60 MP: 8/8
  4614 | D:5      | Reached skill level 6 in Axes
  4830 | D:5      | Found a bloodstained altar of Trog.
  4919 | D:5      | Reached * piety under Okawaru
  4969 | D:5      | Fell from the grace of Okawaru
  4973 | D:5      | Became a worshipper of Trog the Wrathful
  5014 | D:5      | Found a stormy altar of Qazlal.
  5158 | D:6      | Noticed a cyclops
  5163 | D:6      | Killed a cyclops
  5470 | D:6      | Mangled by an orc warrior

Illustrated notes

Levels and vault maps discovered:
D:1:      evilmike_arrival_fibonacci_small, layout_rooms
D:2:      layout_loops_ring, old_standard_altar, first_ration
D:3:      layout_rooms, overflow_temple_1_default, minmay_circle_x
D:4:      layout_loops_ring, nicolae_overflow_hidden_temple,
          makhleb_heckhound_becter
D:5:      layout_cave_pools, nicolae_overflow_crystal_walls,
          minmay_temple_entry_large_hall, basic_altar,
          chequers_serial_rivers_marsh, uniq_duvessa
D:6:      layout_basic, kennysheep_mini, uniq_blork_the_orc, uniq_pikel
Temple:   cyrus_temple_forest

Skill      XL: |  1  2  3  4  5  6  7  8 |
---------------+-------------------------+-----
Axes           | 2 3 4 5 6 |  6.6
Armour         | 3 4 5 |  5.4
Shields        | 3 4 |  4.8
Dodging        | 1 2 |  2.3
Fighting       | 4 |  4.5
Stealth        | |  0.2

Action                   |  1- 3 |  4- 6 |  7- 9 || total
-------------------------+-------+-------+-------++-------
Melee: War axe           |   115 |   160 |   137 ||   412
       Headbutt          |       |     7 |    37 ||    44
Invok: Renounce Religion |       |       |     1 ||     1
  Use: Scroll            |       |    11 |     2 ||    13
       Potion            |       |       |     2 ||     2
  Eat: Chunk             |     3 |     6 |     6 ||    15
Armor: Scale mail        |    66 |    78 |    50 ||   194
Dodge: Dodged            |    31 |    39 |    27 ||    97
Block: Kite shield       |    55 |    52 |       ||   107
       Tower shield      |       |    94 |   141 ||   235
